Cogmind - Beta 14 @@@ ROGUE MODE // 2024.11.15 @ 18:27:45 Player: Fangrelle Result: Destroyed by Y-54 Guardian with Flak Gun Performance ------------- Evolutions (3) 1500 Regions Visited (6) 1200 Robots Destroyed (161) 805 Value Destroyed (4789) 4789 Prototype IDs (33) 660 Alien Tech Used (0) 0 Bonus (1205) 1205 TOTAL SCORE: 10159 Bonus ------- High Alert Combat Kills 905 Aligned with FarCom 300 Cogmind --------- Core Integrity 0/700 Matter 262/300 Energy 283/290 System Corruption 2% Temperature Cool (89) Movement Treading (240) Ox1 Location -7/Factory Parts ------- > --- POWER (1) -------- Improved Deuterium Engine > --- PROPULSION (4) --- Light Treads > --- UTILITY (4) ------ Medium Storage Unit Advanced ECM Suite Improved Light Armor Plating Hacking Suite > --- WEAPON (4) ------- Gatling Laser Assault Rifle Flak Gun Powered Hammer > --- INVENTORY (10) --- Nuclear Core Nuclear Core Improved Deuterium Engine Micro Nuclear Core Superbattery (1500) Transmission Jammer Graphene Brace Remote Datajack Peak State ------------ > --- POWER ------------ Nuclear Core > --- PROPULSION ------- Armored Huge Wheel Armored Huge Wheel > --- UTILITY ---------- Improved Heat Sink Improved Light Armor Plating Graphene Brace Hacking Suite > --- WEAPON ----------- Advanced Beam Rifle Gatling Laser Flak Gun Powered Hammer > --- INVENTORY -------- Light Treads Superbattery Transmission Jammer Reaction Control System Remote Datajack [Rating: 53] Favorites ----------- Power Cooled Ion Engine Engine Cooled Ion Engine Power Core Enhanced Nuclear Core Propulsion Light Treads Treads Light Treads Leg Carbon-fiber Leg Wheel Armored Huge Wheel Hover Unit Aerolev Unit Flight Unit Improved Flight Unit Utility Humpback Device Disposable Heat Sink Storage Humpback Processor Advanced Visual Processing Unit Hackware Hacking Suite Protection Improved Light Armor Plating Weapon Spread Laser Energy Gun Spread Laser Energy Cannon Beam Cannon Ballistic Gun Enhanced Autogun Launcher Missile Launcher Impact Weapon Powered Hammer Build | -11 -10 -10 -10 -9 -8 -7 ------- Run | Yrd Mat Min Exi Min Mat Fac Slots Evolved 6 | . . . . . 4 2 Power . | . . . . . . . Propulsion 2 | . . . . . 1 1 Utility 2 | . . . . . 2 . Weapon 2 | . . . . . 1 1 Parts Attached 131 | . 15 6 1 . 75 34 Power 10 | . 2 1 . . 4 3 Engine 7 | . 2 1 . . 3 1 Core 3 | . . . . . 1 2 Reactor . | . . . . . . . Propulsion 36 | . 3 4 . . 22 7 Treads 18 | . 3 . . . 13 2 Leg 9 | . . 2 . . 7 . Wheel 6 | . . 2 . . . 4 Hover 1 | . . . . . 1 . Flight 2 | . . . . . 1 1 Utility 34 | . 4 1 1 . 17 11 Device 14 | . . 1 . . 10 3 Storage 6 | . 3 . 1 . 1 1 Processor 1 | . . . . . . 1 Hackware 1 | . . . . . . 1 Protection 12 | . 1 . . . 6 5 Artifact . | . . . . . . . Weapon 51 | . 6 . . . 32 13 Energy Gun 30 | . 2 . . . 21 7 Energy Cannon 3 | . 3 . . . . . Ballistic Gun 11 | . 1 . . . 6 4 Ballistic Cannon . | . . . . . . . Launcher 3 | . . . . . 3 . Special Weapon . | . . . . . . . Impact Weapon 4 | . . . . . 2 2 Slashing Weapon . | . . . . . . . Piercing Weapon . | . . . . . . . Special Melee Weapon . | . . . . . . . Unidentified Prototypes 10 | . . . . . 7 3 Parts Lost 51 | . 3 2 . . 15 31 Power 4 | . 1 1 . . . 2 Propulsion 16 | . . 1 . . 8 7 Utility 15 | . 1 . . . 1 13 Weapon 16 | . 1 . . . 6 9 Highest Loss Streak 23 | . 2 1 . . 4 23 To Critical Strikes . | . . . . . . . Average Slot Usage (%) 83 | . 94 91 85 85 83 75 Engine 8 | . 13 13 14 14 6 . Core 1 | . . . . . 2 5 Treads 14 | . 28 14 . . 19 14 Leg 7 | . . 12 28 28 2 . Device 8 | . . 6 . . 12 7 Storage 10 | . 21 14 13 14 9 5 Protection 3 | . 2 . . . 4 6 Energy Gun 20 | . 10 28 28 28 22 7 Ballistic Gun 4 | . 4 . . . 3 15 Peak Build Rating 53 | 6 10 15 17 17 43 53 Average Rating 27 | 6 7 11 16 17 32 40 On Entrance 16 | 6 6 10 15 17 17 41 Naked Turns 10 | . . . . . . 10 Heaviest Build 230 | 11 24 22 211 211 230 226 Greatest Support 80 | 20 40 40 30 30 60 80 Greatest Overweight (x) 75 | . . 1 7 7 72 75 Average Overweight (x) 3 | . . . 5 7 6 1 Largest Inventory Capacity 35 | 8 10 10 35 35 35 35 Average Capacity 29 | 8 9 10 33 35 35 22 Most Carried 35 | 6 10 10 18 18 35 35 Average Carried 22 | 6 6 9 15 18 28 21 Final Capacity 35 | 8 10 10 35 35 35 10 Final Carried 34 | 6 10 10 18 18 34 8 Class Distribution -------------------- 54% | Hauler-Skirmisher 23% | Hauler-Mutant 13% | Mutant Dominant Class ---------------- Mutant | -10/Materials Mutant | -10/Mines Hauler-Mutant | -10/Exiles Hauler-Mutant | -9/Mines Hauler-Skirmisher | -8/Materials Hauler-Skirmisher | -7/Factory Resources | -11 -10 -10 -10 -9 -8 -7 ----------- Run | Yrd Mat Min Exi Min Mat Fac Matter Collected 2512 | 200 394 60 . . 1113 745 Remotely . | . . . . . . . Salvage Created 5883 | . 756 347 . . 3008 1772 Parts 289 | . 45 19 . . 155 70 Haulers Intercepted 11 | . 2 . . . 5 4 Recyclers Shooed 5 | . . . . . 4 1 Parts Field Recycled . | . . . . . . . Retrieved Matter . | . . . . . . . Parts Self-Destructed . | . . . . . . . Prevented . | . . . . . . . Kills | -11 -10 -10 -10 -9 -8 -7 ------- Run | Yrd Mat Min Exi Min Mat Fac Combat Hostiles Destroyed 106 | . 14 9 . . 59 24 Melee 2 | . . . . . 1 1 Guns 87 | . 9 9 . . 49 20 Cannons 5 | . 5 . . . . . AOE 6 | . . . . . 6 . Classes Destroyed 17 | . 6 1 . . 9 1 Worker 16 | . 1 1 . . 8 6 Builder 5 | . . . . . 3 2 Tunneler 1 | . . . . . 1 . Hauler 11 | . 2 . . . 5 4 Recycler 8 | . . 1 . . 4 3 Operator 3 | . 2 . . . 1 . Watcher 11 | . 3 . . . 5 3 Swarmer 14 | . 3 . . . 11 . Grunt 59 | . 11 9 . . 25 14 Brawler 2 | . . . . . 1 1 Duelist 2 | . . . . . 2 . Protector 2 | . . . . . 2 . Sentry 17 | . . . . . 13 4 Specialist 2 | . . . . . 2 . Hunter 3 | . . . . . 2 1 Programmer 4 | . . . . . . 4 Heavy 1 | . . . . . 1 . Best Kill Streak 8 | . 7 6 . . 8 6 Combat Bots Only 8 | . 4 4 . . 8 3 Max Kills in Single Turn 2 | . 2 2 . . 2 2 Gunslinging 1 | . . . . . 1 . Exploded 2 | . . . . . 2 . Melee 1 | . . . . . 1 1 Uniques/NPCs Destroyed . | . . . . . . . Combat | -11 -10 -10 -10 -9 -8 -7 -------- Run | Yrd Mat Min Exi Min Mat Fac Hostile Shots Fired 878 | . 71 33 . . 302 472 Missed 253 | . 23 5 . . 72 153 Damage Taken 8751 | . 571 368 . . 3949 3863 Core 1282 | . 80 95 . . 407 700 Absorbed by Shields . | . . . . . . . Core Remaining (%) 52 | 100 . . . 30 26 . Volleys Fired 308 | . 52 23 . . 142 91 Largest 4 | . 2 2 . . 3 4 Hottest 240 | . 120 130 . . 240 141 Shots Fired 776 | . 104 40 . . 405 227 Gun 743 | . 80 40 . . 396 227 Cannon 24 | . 24 . . . . . Launcher 9 | . . . . . 9 . Special . | . . . . . . . Kinetic 214 | . 40 . . . 60 114 Thermal 553 | . 64 40 . . 336 113 Explosive 9 | . . . . . 9 . Electromagnetic . | . . . . . . . Robot Hit Streak 18 | . 8 7 . . 13 18 Robot Miss Streak 8 | . 3 4 . . 8 7 Penetration Max . | . . . . . . . Secondary Targets 16 | . . 1 . . 12 3 Max Gunslinging Chain 1 | . . 1 . . 1 1 Shots Hit Robots 540 | . 61 35 . . 286 158 Core Hits 432 | . 30 48 . . 259 95 Critical Kills 5 | . 1 . . . 2 2 Critical Parts Destroyed 3 | . . . . . . 3 Critical Strikes 23 | . 4 . . . 8 11 Burn 15 | . 3 . . . 6 6 Destroy 3 | . 1 . . . 1 1 Smash 5 | . . . . . 1 4 Melee Attacks 29 | . . . . . 6 23 Impact 29 | . . . . . 6 23 Slashing . | . . . . . . . Piercing . | . . . . . . . Sneak Attacks . | . . . . . . . Combat Hostiles . | . . . . . . . Follow-up Attacks . | . . . . . . . Damage Inflicted 10783 | . 831 481 . . 6002 3469 Guns 8886 | . 606 478 . . 5042 2760 Cannons 225 | . 225 . . . . . Explosions 797 | . . . . . 797 . Melee 871 | . . . . . 162 709 Ramming 4 | . . 3 . . 1 . Kinetic 2015 | . 277 . . . 646 1092 Thermal 7096 | . 554 478 . . 4396 1668 Explosive 766 | . . . . . 766 . Electromagnetic 31 | . . . . . 31 . Impact 871 | . . . . . 162 709 Slashing . | . . . . . . . Piercing . | . . . . . . . Highest Corruption 2 | . . . . . . 2 Average Corruption 2 | . . . . . . 2 Corruption Purged . | . . . . . . . Corruption Blocked . | . . . . . . . Effects 15 | . . . . . . 15 Message Errors 6 | . . . . . . 6 Matter Fused 6 | . . . . . . 6 Heat Flow Errors 1 | . . . . . . 1 Energy Discharges 1 | . . . . . . 1 Data Loss (minor) 1 | . . . . . . 1 Overload Shots . | . . . . . . . Overflow Damage 198 | . . . . . 50 148 Projectiles . | . . . . . . . Explosions 35 | . . . . . 35 . Melee 163 | . . . . . 15 148 Knockbacks 4 | . . . . . 1 3 Impact 4 | . . . . . 1 3 Kinetic . | . . . . . . . Secondary . | . . . . . . . Self-Inflicted Damage 152 | . . . . . 152 . Shots 4 | . . . . . 4 . Rammed 1 | . . . . . 1 . Targets Rammed 2 | . . 1 . . 1 . Kicked . | . . . . . . . Crushed 1 | . . 1 . . . . Highest Temperature 593 | . 209 358 . . 593 251 Average Temperature 109 | . 60 140 . . 138 66 Received Heat Transfer 3678 | . 279 204 . . 1539 1656 Effects 22 | . . 1 . . 21 . Shutdowns 4 | . . . . . 4 . Energy Bleed 3 | . . . . . 3 . Interference 7 | . . 1 . . 6 . Matter Decay 1 | . . . . . 1 . Short Circuit 3 | . . . . . 3 . Damage (minor) 1 | . . . . . 1 . Damage (major) 2 | . . . . . 2 . Damage (core) 1 | . . . . . 1 . Siege Activations . | . . . . . . . Robots Corrupted 4 | . . . . . 1 3 Combat Hostiles 4 | . . . . . 1 3 Parts Fried 6 | . . . . . 2 4 Impact Corruptions 9 | . . . . . 1 8 Robots Melted 2 | . . . . . 2 . Combat Hostiles 2 | . . . . . 2 . Parts Melted 25 | . 5 . . . 13 7 Heat Transferred 14147 | . 1665 595 . . 8682 3205 Parts Sabotaged . | . . . . . . . Parts Stolen . | . . . . . . . Parts Stripped . | . . . . . . . Power Chain Reactions 1 | . . . . . 1 . Alert | -11 -10 -10 -10 -9 -8 -7 ------- Run | Yrd Mat Min Exi Min Mat Fac Peak Influence 1339 | . 373 196 . . 1339 727 Initial 609 | . . 66 . . . 609 Average 424 | . 218 59 . . 503 483 Maximum Alert Level 4 | . 1 . . . 4 3 Low Security (%) 39 | 100 50 100 . 100 39 . Level 1 18 | . 49 . . . 14 32 Level 2 18 | . . . . . 9 65 Level 3 13 | . . . . . 21 2 Level 4 9 | . . . . . 15 . Level 5 . | . . . . . . . High Security . | . . . . . . . Max Security . | . . . . . . . Sterilizations 1 | . . . . . 1 . Squads Dispatched 27 | . 5 . . . 9 13 Investigation 5 | . 3 . . . 1 1 Extermination 4 | . . . . . . 4 Reinforcement 6 | . 2 . . . 3 1 Assault 3 | . . . . . 2 1 Garrison 9 | . . . . . 3 6 Intercept . | . . . . . . . Searches Triggered . | . . . . . . . Construction Impeded . | . . . . . . . Haulers Reinforced . | . . . . . . . Active Scanning Responses . | . . . . . . . Cargo Convoy Interrupts . | . . . . . . . Stealth | -11 -10 -10 -10 -9 -8 -7 --------- Run | Yrd Mat Min Exi Min Mat Fac Distress Signals 4 | . 1 . . . 2 1 Communications Jammed . | . . . . . . . Distress Signals . | . . . . . . . Times Spotted 160 | . 20 9 . . 88 43 Peak Tracking Total 8 | . 3 4 . . 8 6 Tactical Retreats 4 | . . . . . 3 1 Traps | -11 -10 -10 -10 -9 -8 -7 ------- Run | Yrd Mat Min Exi Min Mat Fac Traps Triggered 2 | . 2 . . . . . Indirectly . | . . . . . . . Trap Hack Attempts . | . . . . . . . Triggered . | . . . . . . . Disarmed . | . . . . . . . Reprogrammed . | . . . . . . . Reused . | . . . . . . . Traps Extracted . | . . . . . . . Installed . | . . . . . . . Triggered . | . . . . . . . Machines | -11 -10 -10 -10 -9 -8 -7 ---------- Run | Yrd Mat Min Exi Min Mat Fac Machines Disabled 2 | . 1 . . . 1 . Max in Single Turn 1 | . 1 . . . 1 . Garrison Access 1 | . . . . . 1 . Machines Repaired . | . . . . . . . Machines Dismantled . | . . . . . . . Machines Sabotaged . | . . . . . . . Overloaded Fab Kills . | . . . . . . . Hacking | -11 -10 -10 -10 -9 -8 -7 --------- Run | Yrd Mat Min Exi Min Mat Fac Machines Accessed 21 | . 7 . 3 . 8 3 Terminals 15 | . 6 . . . 7 2 Fabricators . | . . . . . . . Repair Stations . | . . . . . . . Recycling Units 3 | . 1 . . . 1 1 Scanalyzers . | . . . . . . . Garrison Access . | . . . . . . . Total Hacks 61 | . 20 . 14 . 21 6 Successful 41 | . 10 . 14 . 15 2 Failed 20 | . 10 . . . 6 4 Catastrophic 3 | . 1 . . . . 2 Database Lockouts . | . . . . . . . Manual 40 | . 16 . 1 . 19 4 Terminals 38 | . 17 . . . 18 3 Fabricators . | . . . . . . . Repair Stations . | . . . . . . . Recycling Units 9 | . 3 . . . 3 3 Scanalyzers . | . . . . . . . Garrison Access . | . . . . . . . Terminal Hacks 17 | . 2 . 14 . 1 . Record 13 | . . . 13 . . . Robot Analysis 1 | . 1 . . . . . Unreport Threat 1 | . . . . . 1 . Hauler Manifests 1 | . 1 . . . . . Derelict Proto ID Bank 1 | . . . 1 . . . Fabricator Hacks . | . . . . . . . Repair Station Hacks . | . . . . . . . Recycling Unit Hacks 3 | . 1 . . . 2 . Report Inventory 1 | . . . . . 1 . Retrieve Components 2 | . 1 . . . 1 . Scanalyzer . | . . . . . . . Garrison Access Hacks . | . . . . . . . Unauthorized Hacks 21 | . 7 . . . 12 2 Terminals 18 | . 6 . . . 11 1 Assimilate 3 | . 1 . . . 2 . Botnet 12 | . 4 . . . 7 1 Operators 2 | . 1 . . . 1 . Skim 1 | . . . . . 1 . Fabricators . | . . . . . . . Repair Stations . | . . . . . . . Recycling Units 3 | . 1 . . . 1 1 Tunnel 3 | . 1 . . . 1 1 Scanalyzers . | . . . . . . . Garrison Access . | . . . . . . . Data Cores Recovered . | . . . . . . . Used . | . . . . . . . Hacking Detections 16 | . 6 . . . 7 3 Full Trace Events 1 | . 1 . . . . . Feedback Events . | . . . . . . . Feedback Blocked . | . . . . . . . Robot Schematics Acquired . | . . . . . . . Robots Built . | . . . . . . . Authchips . | . . . . . . . Time . | . . . . . . . Total Robot Build Rating . | . . . . . . . Part Schematics Acquired . | . . . . . . . Parts Built . | . . . . . . . Authchips . | . . . . . . . Time . | . . . . . . . Total Part Build Rating . | . . . . . . . Parts Repaired . | . . . . . . . Time . | . . . . . . . Parts Recycled . | . . . . . . . Recycled Matter . | . . . . . . . Retrieved Matter . | . . . . . . . Retrieved Components 17 | . 7 . . . 10 . Parts Scanalyzed . | . . . . . . . Part Schematics Acquired . | . . . . . . . Parts Damaged . | . . . . . . . Bothacking | -11 -10 -10 -10 -9 -8 -7 ------------ Run | Yrd Mat Min Exi Min Mat Fac Used RIF Installer . | . . . . . . . Robots Hacked . | . . . . . . . Non-combat . | . . . . . . . Combat . | . . . . . . . Robot Hacks Applied . | . . . . . . . Relay Couplers Released 1 | . . . . . 1 . Machine Destruction 1 | . . . . . 1 . Fabnet Peak Effective % . | . . . . . . . Robots Rewired . | . . . . . . . Allies Hacked . | . . . . . . . Hacks Repelled . | . . . . . . . Allies | -11 -10 -10 -10 -9 -8 -7 -------- Run | Yrd Mat Min Exi Min Mat Fac Total Allies 1 | . . 1 . . . . Largest Group 1 | . . 1 . . . . Highest-Rated Group 31 | . . 31 . . . . Highest-Rated Ally 31 | . . 31 . . . . Total Orders . | . . . . . . . Ally Attacks 5 | . . 5 . . . . Total Damage 105 | . . 105 . . . . Kills . | . . . . . . . Allies Corrupted . | . . . . . . . Allies Melted . | . . . . . . . Intel | -11 -10 -10 -10 -9 -8 -7 ------- Run | Yrd Mat Min Exi Min Mat Fac Robot Analysis Total 1 | . 1 . . . . . Derelict Logs Recovered 1 | . . 1 . . . . Drone Launches . | . . . . . . . Drone Recoveries . | . . . . . . . Exploration | -11 -10 -10 -10 -9 -8 -7 ------------- Run | Yrd Mat Min Exi Min Mat Fac Turns Passed 14034 | 10 920 738 2292 574 7183 2317 Spaces Moved 3344 | 9 455 474 457 95 1078 776 Core 114 | . . . . . 45 69 Treads 1912 | . 455 212 . . 906 339 Legs 943 | 9 . 255 457 95 127 . Wheels 375 | . . 7 . . . 368 Hover . | . . . . . . . Flight . | . . . . . . . Fastest Speed 50 | 120 160 90 120 610 400 50 Average Speed 371 | 120 160 137 498 610 595 226 Slowest Speed 3800 | 120 160 190 610 610 3650 3800 Overloaded Moves . | . . . . . . . Propulsion Burnouts . | . . . . . . . Robots Hopped . | . . . . . . . Cave-ins Triggered . | . . . . . . . Exploration Rate (%) 51 | 2 79 76 66 33 88 17 Regions Visited 6 Branch Regions 3 Pre-discovered Areas 4 | . 1 . 1 . 1 1 Known Exits Taken . | . . . . . . . Unknown Exits Taken 6 | 1 1 1 1 1 1 . Scrap Searched 2 | . . 2 . . . . Spaces Dug 12 | . . . . . 12 . Terrain Destroyed 81 | . . . . . 80 1 Melee 2 | . . . . . 2 . Projectile 1 | . . . . . . 1 AOE 78 | . . . . . 78 . Terrain Rammed . | . . . . . . . Walls Destroyed . | . . . . . . . Machines Disabled . | . . . . . . . Actions | -11 -10 -10 -10 -9 -8 -7 --------- Run | Yrd Mat Min Exi Min Mat Fac Total 4313 | 8 544 518 478 94 1523 1148 Wait 293 | . . 10 . . 109 174 Move 3338 | 8 454 473 456 94 1077 776 Hop . | . . . . . . . Pick Up 107 | . 10 2 15 . 55 25 Fast Attach 60 | . 9 3 1 . 23 24 Attach 44 | . 3 2 . . 31 8 Detach 20 | . 3 . . . 16 1 Swap 27 | . 3 1 . . 21 2 Drop 85 | . 10 3 6 . 42 24 Fire 308 | . 52 23 . . 142 91 Melee 29 | . . . . . 6 23 Ram . | . . . . . . . Kick . | . . . . . . . Crush 2 | . . 1 . . 1 . Escape Stasis . | . . . . . . . Rewire . | . . . . . . . Trap . | . . . . . . . Miscellaneous . | . . . . . . . Route ------- -11/Scrapyard -10/Materials (discovered 4 exits: [*Mat x2] / [*Min x2]) -10/Mines (discovered 2 exits: [*Mat] / *Exi) -10/Exiles -9/Mines -8/Materials (discovered 3 exits: *Fac x3) -7/Factory History --------- Turn | Location | Event 1 | -11/Scrapyard | Discovered new exit (range 3) 11 | -11/Scrapyard | Entered Materials 267 | -10/Materials | Discovered new exit (range 5) 317 | -10/Materials | Build established: Mutant 377 | -10/Materials | Discovered new exit (range 16) 583 | -10/Materials | Discovered new exit (range 16) 707 | -10/Materials | Discovered new exit (range 8) 931 | -10/Materials | Entered Mines 934 | -10/Mines | Met a Derelict bent on vengeance 980 | -10/Mines | Learned Materials trap positions 1092 | -10/Mines | Core integrity fell below 50% 1133 | -10/Mines | Deemed a non-threat by the Exiles lab entrance 1133 | -10/Mines | Discovered new exit (range 5) 1177 | -10/Mines | Received a Mining Laser from a helpful Derelict 1466 | -10/Mines | Excavation squad dispatched 1466 | -10/Mines | A large section of the Mines collapsed 1551 | -10/Mines | Discovered new exit (range 6) 1669 | -10/Mines | Entered Exiles 1714 | -10/Exiles | Met 8R-AWN 1734 | -10/Exiles | Met EX-HEX 2087 | -10/Exiles | Build established: Hauler-Mutant 2606 | -10/Exiles | Met EX-DEC 2642 | -10/Exiles | Learned location of Zion (-7) 3094 | -10/Exiles | Met EX-BIN 3197 | -10/Exiles | Aligned with FarCom system 3204 | -10/Exiles | Given EX-Vault access code 3344 | -10/Exiles | Opened EX-Vault 3387 | -10/Exiles | Found Superbattery 3516 | -10/Exiles | Warned to stay clear of 0b10 Research branches 3906 | -10/Exiles | Discovered new exit (range 11) 3961 | -10/Exiles | Left Exiles lab with Superbattery 3961 | -10/Exiles | Entered Mines 4425 | -9/Mines | Discovered new exit (range 14) 4535 | -9/Mines | Entered Materials 4535 | -8/Materials | Evolved 4 slots: Propulsion x1, Utility x2, Weapon x1 4536 | -8/Materials | Loaded intel: 34 trap records 5043 | -8/Materials | Build established: Hauler-Skirmisher 7439 | -8/Materials | Lost 3 parts (1n2w) 8585 | -8/Materials | Lost 4 parts (2n1u1w) 8589 | -8/Materials | Discovered new exit (range 14) 8935 | -8/Materials | First assault squad dispatched 9604 | -8/Materials | Discovered new exit (range 16) 9898 | -8/Materials | Destroyed 8 combat bots 10475 | -8/Materials | Core integrity fell below 50% 10758 | -8/Materials | Garrison activated, responded to threat 10778 | -8/Materials | Sterilization system engaged 10778 | -8/Materials | Non-combat units ordered to evacuate 10878 | -8/Materials | Combat units ordered to evacuate 10941 | -8/Materials | Discovered new exit (range 8) 11078 | -8/Materials | Ambient heat levels rising (+10) 11228 | -8/Materials | Ambient heat levels rising (+10) 11378 | -8/Materials | Ambient heat levels rising (+10) 11528 | -8/Materials | Ambient heat levels rising (+10) 11678 | -8/Materials | Ambient heat levels rising (+10) 11718 | -8/Materials | Entered Factory 11718 | -7/Factory | Evolved 2 slots: Propulsion x1, Weapon x1 12830 | -7/Factory | Garrison activated, responded to threat 12918 | -7/Factory | First assault squad dispatched 13088 | -7/Factory | Released all parts (2) 13104 | -7/Factory | Core integrity fell below 50% 13118 | -7/Factory | Lost 23 parts (2p4n10u7w) 13210 | -7/Factory | Core integrity fell below 20% 13688 | -7/Factory | Garrison activated, responded to threat 13785 | -7/Factory | Lost 3 parts (2n1u) 13898 | -7/Factory | Build established: Scavenger-Skirmisher 13926 | -7/Factory | Garrison activated, responded to threat 13947 | -7/Factory | Lost 4 parts (1n1u2w) 14035 | -7/Factory | Destroyed by Y-54 Guardian with Flak Gun Last Messages --------------- 13949_ K-01 Serf collects debris. 13953_ 1D1XIWGBEEPH#RKY116VID5R % H> 13953_ K-01 Serf collects debris. 13960_ Acquired 30 matter. 13961_ K-01 Serf collects debris. 13962_ K-01 Serf cleans the Megafabricator. 13964_ Acquired Gatling Laser. 13967_ K-01 Serf collects debris. 13975_ Acquired 43 matter. 13980_ R-06 Scavenger collects Lgt. Treads. 13989_ D KJB UOP6G6V,: 8CFZP4 14002_ K-01 Serf cleans the Garrison Access. 14002_ Connecting with Garrison Access... 14005_ K-01 Serf cleans the Garrison Access. 14011_ K-01 Serf cleans the Power Conduit. 14021_ K-01 Serf destroyed. 14021_ K-01 Serf cleans the Power Conduit. 14026_ Y-54 Guardian emerges from the garrison. 14027_ K-01 Serf cleans the Garrison Access. 14031_ System corrupted: Matter fused (-6). Map ----- +----------------------------------------------------+ | ?????????????????????????????????????????????????? | | ?????????????????????????????????????????????????? | | ?????????????????????????????????????????????????? | | ?????????????????????????????????????????????????? | | ?????????????????????????????????????????????????? | | ?????????????????????????????????????????????????? | | ?????????????????????????????????????????????????? | | ?????????????????????????????????????????????????? | | ?????????????????????????????????????????????????? | | ?????????????????????????????????????????????????? | | ????????????????????????? ???????????????????????? | | ????????????????????????? ???????????????????????? | | ????????????????????????? ???????????????????????? | | ????????????????????????? ???????????????????????? | | ????????????????????????? ???????????????????????? | | ????????????????######### ???????????????????????? | | ????????????????# # ???????????????????????? | | ????????????????# " # #####??????????????????? | | ????????????????# " # +??????????????????? | | ????????????????# " # #??????????????????? | | ???############## " # #??????????????????? | | ???# # " # #????"?????????????? | | ???# #Y" # #* """?????????????? | | ???# # " """ # %+=%"""?????????????? | | ???# # " G" Y #??????????????????? | | ???# # " """ #@ #??????????????????? | | ???# # # #??????????????????? | | ???# ######### #??????????????????? | | "??# #??????????????????? | | ""?# #??????????????????? | | "" # #??????????????????? | | "" + !%"""""" + ??????????????? | | # =!"""""" # """""????????????? | | # ######### """""" #?"""??????????????? | | ##?# #???????# """""" #??????????????????? | | ???# #???????# """""" #??????????????????? | | ???# #???????+ """""? #??????????????????? | | ???# #???????# """""? #??????????????????? | | ???# #???????# """"?? #??????????????????? | | ???# #???????# """??? #??????????????????? | | ???# #???????# ??w?? #??????????????????? | | #??# #???????# "?????? #??????????????????? | | # #???????# "?????? #??????????????????? | | #[ #???????# "???????????????????????????? | | " #%[= #???????# "???????????????????????????? | | " ?+[! #???????# ????????????????????????????? | | ???#! #???????# ????????????????????????????? | | ???# #???????# ????????????????????????????? | | #### ######### ????????????????????????????? | | ????????????????????????????? | +----------------------------------------------------+ Best States ------------- Heat Dissipation 85 Coolant Potential 100 Energy Generation 17 Energy Capacity 300 Matter Stores 439 Matter Capacity 450 Sight Range 20 Terrain Scan Density 10 ECM Strength 2 Armor Coverage 750 Evasion (%) 55 Recoil Reduction 4 Offensive Hacking 10 Item Schematics ----------------- None Robot Schematics ------------------ None Fabricated ------------ Nothing Alien Tech Used ----------------- None Achievements -------------- None Challenges ------------ None Game ------ Seed SpreadStormTorch Manual? 0 Play Time 00:55:53 Cumulative 83.5 hours Start 2024.11.15 @ 17:30:40 End 2024.11.15 @ 18:27:45 Sessions 1 Manual Loads 0 Difficulty Rogue Special Mode None Game No. 145 Rogue 145 Adventurer 0 Explorer 0 Win Type - Total 0 Types 0/0/0/0/0/0/0/0/0 Lore% 41 Gallery% 36 Achievement% 34 Wizard Run 0 Options --------- Layout 0 ASCII 0 Keyboard 0 Movement Mouse Keybinds 0 Fullscreen 1 Font 24/Smallcaps Map View 91x25 Zoom Use 92% Tactical HUD 1 Map Filters NONE Filters NONE Steam 1 RUN: d987e2b6-de67-45f4-9236-876f4cb0142f